[ AOE2 MATCH · #505764318 ]
UnrankedRomans vs Persians
Player's team · LOSS
Rival team · WIN
[ REPLAY ANALYSIS · EXTRACTED FROM THE RECORDED GAME ]
Feudal
9:22
Castle
21:00
Imperial
—
| APM avg | 61.4 |
| APM peak | 115 |
| eAPM avg | 31.6 |
| Villagers / military | 98 / 64 |
Focus
⚔️ 42.5% · 🌾 57.5%
Archer ×51 · Mangonel ×6 · Militia ×4 · Skirmisher ×3
Feudal
11:00
Castle
21:36
Imperial
—
| APM avg | 77.7 |
| APM peak | 154 |
| eAPM avg | 28.7 |
| Villagers / military | 93 / 60 |
Focus
⚔️ 34.3% · 🌾 65.7%
Archer ×51 · Knight ×4 · Militia ×3 · Mangonel ×1 · Spearman ×1
Match map
Initial resources + every placement click. Lines = walls · curves = elevation contours. ◆ gold · ⬟ stone · ● berries · ✦ relic · ◌ wall gap
Your base· Open — 2t gap
ARC.Lighty's base· ✓ Closed at 21:36 · 71t walls · 2 gate(s)
Smoothed initial terrain · ◌ = detected wall gap · hover for details
Inputs per minute
— FYI Inc - - ARC.Lighty
Build order — FYI Inc
First 150 of 251 actions detected
| 0:00 | Create | Villager (Male) |
| 0:02 | Build | House |
| 0:02 | Build | House |
| 0:04 | Create | Villager (Male) |
| 0:04 | Create | Villager (Male) |
| 0:05 | Create | Villager (Male) |
| 0:05 | Create | Villager (Male) |
| 1:29 | Create | Villager (Male) |
| 1:29 | Create | Villager (Male) |
| 1:52 | Build | Lumber Camp |
| 1:53 | Create | Villager (Male) |
| 2:15 | Create | Villager (Male) |
| 2:46 | Create | Villager (Male) |
| 2:47 | Create | Villager (Male) |
| 3:02 | Build | House |
| 3:08 | Create | Villager (Male) |
| 3:08 | Create | Villager (Male) |
| 3:27 | Create | Villager (Male) |
| 4:02 | Create | Villager (Male) |
| 4:02 | Create | Villager (Male) |
| 4:03 | Create | Villager (Male) |
| 4:26 | Create | Villager (Male) |
| 4:29 | Build | Mill |
| 4:36 | Research | Loom |
| 4:40 | Build | Palisade Wall |
| 4:42 | Build | Palisade Wall |
| 4:44 | Build | Palisade Wall |
| 5:00 | Create | Villager (Male) |
| 5:18 | Create | Villager (Male) |
| 5:38 | Build | House |
| 5:39 | Create | Villager (Male) |
| 6:06 | Build | Palisade Wall |
| 6:07 | Create | Villager (Male) |
| 6:22 | Build | Barracks |
| 6:30 | Create | Villager (Male) |
| 6:53 | Build | House |
| 7:12 | Research | Feudal Age |
| 7:53 | Create | Militia |
| 7:53 | Create | Militia |
| 7:55 | Build | Mining Camp |
| 8:22 | Create | Militia |
| 8:22 | Create | Militia |
| 9:22 | Age | Feudal Age |
| 9:24 | Research | Man-at-Arms (upgrade) |
| 9:25 | Create | Villager (Male) |
| 9:34 | Build | Archery Range |
| 9:44 | Build | Palisade Wall |
| 9:52 | Create | Villager (Male) |
| 10:06 | Build | Mill |
| 10:06 | Create | Villager (Male) |
| 10:25 | Build | House |
| 10:39 | Create | Villager (Male) |
| 10:45 | Build | House |
| 10:46 | Create | Archer |
| 11:00 | Build | House |
| 11:03 | Create | Villager (Male) |
| 11:21 | Create | Villager (Male) |
| 11:30 | Create | Archer |
| 11:40 | Build | Farm |
| 11:44 | Build | Farm |
| 11:45 | Create | Villager (Male) |
| 12:02 | Build | Farm |
| 12:03 | Build | House |
| 12:10 | Create | Archer |
| 12:11 | Create | Archer |
| 12:18 | Build | Blacksmith |
| 12:27 | Create | Villager (Male) |
| 12:37 | Build | House |
| 12:59 | Create | Villager (Male) |
| 13:09 | Create | Archer |
| 13:12 | Build | House |
| 13:25 | Build | Farm |
| 13:26 | Build | Farm |
| 13:28 | Build | Farm |
| 13:28 | Create | Villager (Male) |
| 13:40 | Build | House |
| 13:41 | Build | Palisade Wall |
| 13:43 | Build | Palisade Wall |
| 13:51 | Research | Fletching |
| 13:51 | Create | Villager (Male) |
| 13:59 | Build | Farm |
| 14:13 | Create | Villager (Male) |
| 14:14 | Build | Farm |
| 14:17 | Create | Archer |
| 14:17 | Create | Archer |
| 14:37 | Create | Archer |
| 14:40 | Create | Villager (Male) |
| 14:53 | Create | Villager (Male) |
| 15:05 | Create | Archer |
| 15:21 | Create | Villager (Male) |
| 15:24 | Create | Archer |
| 15:48 | Create | Villager (Male) |
| 16:16 | Build | Farm |
| 16:16 | Create | Villager (Male) |
| 16:18 | Build | Market |
| 16:19 | Create | Archer |
| 16:32 | Build | Lumber Camp |
| 16:44 | Research | Wheelbarrow |
| 17:21 | Create | Archer |
| 18:20 | Research | Castle Age |
| 18:21 | Research | Castle Age |
| 18:24 | Build | Archery Range |
| 18:37 | Research | Gold Mining |
| 18:38 | Research | Gold Mining |
| 18:39 | Create | Archer |
| 18:50 | Build | House |
| 18:51 | Build | House |
| 18:58 | Research | Double-Bit Axe |
| 18:58 | Research | Double-Bit Axe |
| 19:08 | Create | Archer |
| 19:08 | Create | Archer |
| 19:08 | Create | Archer |
| 19:21 | Research | Padded Archer Armor |
| 19:23 | Create | Archer |
| 19:23 | Create | Archer |
| 19:35 | Create | Archer |
| 19:35 | Create | Archer |
| 19:41 | Build | Mining Camp |
| 19:43 | Research | Town Watch |
| 19:45 | Build | House |
| 20:23 | Create | Skirmisher |
| 20:24 | Create | Skirmisher |
| 20:40 | Create | Skirmisher |
| 20:57 | Create | Archer |
| 20:57 | Create | Archer |
| 21:00 | Age | Castle Age |
| 21:05 | Research | Crossbowman (upgrade) |
| 21:13 | Build | University |
| 21:13 | Create | Villager (Male) |
| 21:16 | Research | Bow Saw |
| 21:16 | Research | Bow Saw |
| 21:35 | Build | Farm |
| 21:36 | Create | Archer |
| 21:36 | Create | Archer |
| 21:36 | Create | Archer |
| 21:37 | Create | Archer |
| 21:39 | Create | Villager (Male) |
| 22:03 | Build | Farm |
| 22:05 | Create | Villager (Male) |
| 22:13 | Create | Archer |
| 22:14 | Create | Archer |
| 22:14 | Create | Archer |
| 22:23 | Create | Archer |
| 22:23 | Create | Archer |
| 22:35 | Create | Villager (Male) |
| 22:44 | Build | Town Center |
| 22:49 | Create | Villager (Male) |
| 22:59 | Create | Archer |
| 23:00 | Create | Archer |
| 23:00 | Create | Archer |
Build order — ARC.Lighty
First 150 of 278 actions detected
| 0:01 | Create | Villager (Male) |
| 0:02 | Build | House |
| 0:03 | Build | House |
| 0:10 | Create | Villager (Male) |
| 0:11 | Create | Villager (Male) |
| 0:11 | Create | Villager (Male) |
| 0:11 | Create | Villager (Male) |
| 0:52 | Build | Barracks |
| 1:29 | Create | Villager (Male) |
| 1:56 | Create | Militia |
| 2:18 | Create | Villager (Male) |
| 2:37 | Build | House |
| 2:42 | Create | Militia |
| 2:47 | Create | Villager (Male) |
| 3:09 | Create | Villager (Male) |
| 3:29 | Create | Villager (Male) |
| 3:51 | Create | Villager (Male) |
| 4:16 | Create | Villager (Male) |
| 4:27 | Build | House |
| 4:45 | Create | Villager (Male) |
| 4:46 | Create | Villager (Male) |
| 4:53 | Create | Militia |
| 4:59 | Build | House |
| 5:34 | Create | Villager (Male) |
| 5:57 | Create | Villager (Male) |
| 5:59 | Build | Lumber Camp |
| 6:07 | Create | Villager (Male) |
| 6:44 | Create | Villager (Male) |
| 6:58 | Create | Villager (Male) |
| 7:18 | Build | Mill |
| 7:37 | Create | Villager (Male) |
| 7:38 | Create | Villager (Male) |
| 7:54 | Create | Villager (Male) |
| 8:14 | Build | Mill |
| 8:33 | Research | Loom |
| 8:48 | Research | Feudal Age |
| 9:03 | Build | Mining Camp |
| 9:15 | Build | Lumber Camp |
| 10:06 | Create | Villager (Male) |
| 10:24 | Build | Palisade Wall |
| 10:28 | Build | Palisade Wall |
| 10:34 | Create | Villager (Male) |
| 10:37 | Build | Palisade Wall |
| 10:39 | Create | Villager (Male) |
| 10:43 | Build | Palisade Wall |
| 10:44 | Build | Palisade Wall |
| 10:50 | Create | Villager (Male) |
| 11:00 | Age | Feudal Age |
| 11:07 | Build | Archery Range |
| 11:15 | Research | Double-Bit Axe |
| 11:22 | Build | House |
| 11:25 | Build | Palisade Wall |
| 11:29 | Create | Spearman |
| 11:41 | Create | Villager (Male) |
| 12:02 | Build | Blacksmith |
| 12:09 | Create | Villager (Male) |
| 12:11 | Create | Archer |
| 12:19 | Build | House |
| 12:22 | Build | Farm |
| 12:23 | Build | Farm |
| 12:26 | Build | Farm |
| 12:46 | Build | Palisade Wall |
| 12:55 | Create | Archer |
| 12:59 | Build | Farm |
| 13:01 | Build | Farm |
| 13:10 | Create | Villager (Male) |
| 13:31 | Build | Farm |
| 13:32 | Build | Farm |
| 13:33 | Build | Farm |
| 13:34 | Build | House |
| 13:38 | Build | Farm |
| 13:38 | Build | Farm |
| 13:41 | Create | Villager (Male) |
| 13:41 | Create | Archer |
| 13:54 | Build | House |
| 13:55 | Create | Villager (Male) |
| 14:12 | Build | House |
| 14:16 | Research | Fletching |
| 14:19 | Build | House |
| 14:22 | Create | Villager (Male) |
| 14:51 | Create | Villager (Male) |
| 14:51 | Create | Archer |
| 14:59 | Create | Villager (Male) |
| 15:02 | Build | Farm |
| 15:08 | Create | Archer |
| 15:09 | Create | Archer |
| 15:26 | Build | Farm |
| 15:26 | Build | Farm |
| 15:35 | Build | Archery Range |
| 15:40 | Build | Farm |
| 15:42 | Research | Horse Collar |
| 15:42 | Research | Horse Collar |
| 15:42 | Create | Villager (Male) |
| 16:01 | Create | Villager (Male) |
| 16:16 | Build | House |
| 16:18 | Build | Palisade Wall |
| 16:26 | Build | Palisade Wall |
| 16:27 | Create | Villager (Male) |
| 16:27 | Create | Archer |
| 16:38 | Create | Villager (Male) |
| 16:50 | Create | Villager (Male) |
| 16:51 | Create | Archer |
| 16:57 | Create | Archer |
| 17:01 | Build | Palisade Wall |
| 17:09 | Create | Archer |
| 17:38 | Create | Villager (Male) |
| 17:38 | Create | Archer |
| 17:46 | Build | Palisade Gate |
| 17:56 | Create | Villager (Male) |
| 17:56 | Create | Archer |
| 18:10 | Create | Villager (Male) |
| 18:10 | Create | Archer |
| 18:26 | Build | Palisade Wall |
| 18:30 | Build | Market |
| 18:35 | Create | Villager (Male) |
| 18:50 | Build | House |
| 18:52 | Build | Palisade Wall |
| 19:10 | Research | Castle Age |
| 19:14 | Create | Archer |
| 19:14 | Create | Archer |
| 19:16 | Build | Palisade Gate |
| 19:21 | Build | Palisade Gate |
| 19:23 | Build | Palisade Wall |
| 19:24 | Build | Palisade Wall |
| 19:30 | Build | House |
| 19:31 | Build | Palisade Wall |
| 19:42 | Build | Palisade Wall |
| 19:46 | Create | Villager (Male) |
| 19:46 | Create | Archer |
| 19:50 | Research | Padded Archer Armor |
| 20:04 | Create | Archer |
| 20:33 | Create | Villager (Male) |
| 20:33 | Create | Archer |
| 20:34 | Create | Archer |
| 20:42 | Create | Archer |
| 20:42 | Create | Archer |
| 20:54 | Create | Archer |
| 21:08 | Create | Villager (Male) |
| 21:11 | Research | Gold Mining |
| 21:36 | Age | Castle Age |
| 21:43 | Research | Crossbowman (upgrade) |
| 21:44 | Research | Bodkin Arrow |
| 21:54 | Build | Siege Workshop |
| 22:03 | Research | Bow Saw |
| 22:14 | Research | Heavy Plow |
| 22:21 | Create | Mangonel |
| 22:24 | Create | Villager (Male) |
| 22:24 | Create | Archer |
| 22:24 | Create | Archer |
| 22:47 | Create | Villager (Male) |
Match timeline
| 0:52 | ARC.Lighty · first_building Barracks |
| 4:40 | FYI Inc · wall_segment Palisade Wall x1 |
| 4:42 | FYI Inc · wall_segment Palisade Wall x1 |
| 4:44 | FYI Inc · wall_segment Palisade Wall x1 |
| 6:06 | FYI Inc · wall_segment Palisade Wall x1 |
| 6:22 | FYI Inc · first_building Barracks |
| 9:22 | FYI Inc · age_up feudal |
| 9:34 | FYI Inc · first_building Archery Range |
| 9:44 | FYI Inc · wall_segment Palisade Wall x1 |
| 10:24 | ARC.Lighty · wall_segment Palisade Wall x1 |
| 10:28 | ARC.Lighty · wall_segment Palisade Wall x1 |
| 10:37 | ARC.Lighty · wall_segment Palisade Wall x1 |
| 10:43 | ARC.Lighty · wall_segment Palisade Wall x1 |
| 10:44 | ARC.Lighty · wall_segment Palisade Wall x1 |
| 11:00 | ARC.Lighty · age_up feudal |
| 11:07 | ARC.Lighty · first_building Archery Range |
| 11:25 | ARC.Lighty · wall_segment Palisade Wall x2 |
| 12:46 | ARC.Lighty · wall_segment Palisade Wall x1 |
| 13:41 | FYI Inc · wall_segment Palisade Wall x1 |
| 13:43 | FYI Inc · wall_segment Palisade Wall x1 |
| 16:18 | ARC.Lighty · wall_segment Palisade Wall x17 |
| 16:26 | ARC.Lighty · wall_segment Palisade Wall x9 |
| 17:01 | ARC.Lighty · wall_segment Palisade Wall x5 |
| 17:05 | FYI Inc · first_market_buy 100 food |
| 17:07 | FYI Inc · first_market_sell 100 stone |
| 18:26 | ARC.Lighty · wall_segment Palisade Wall x5 |
| 18:52 | ARC.Lighty · wall_segment Palisade Wall x3 |
| 18:58 | ARC.Lighty · first_market_sell 100 stone |
| 18:59 | ARC.Lighty · first_market_buy 100 food |
| 19:23 | ARC.Lighty · wall_segment Palisade Wall x2 |
| 19:24 | ARC.Lighty · wall_segment Palisade Wall x8 |
| 19:31 | ARC.Lighty · wall_segment Palisade Wall x3 |
| 19:42 | ARC.Lighty · wall_segment Palisade Wall x11 |
| 21:00 | FYI Inc · age_up castle |
| 21:36 | ARC.Lighty · age_up castle |
| 21:54 | ARC.Lighty · first_building Siege Workshop |
| 24:01 | FYI Inc · first_building Siege Workshop |
| 26:32 | ARC.Lighty · first_building Stable |
| 26:48 | FYI Inc · wall_segment Palisade Wall x14 |
| 29:10 | FYI Inc · first_building Castle |
| 33:24 | FYI Inc · resign |
[ AI ANALYSIS · 1 CREDIT ]
What really happened in this match?
Wolo.gg analyzes every decision: build order, eco, micro, common mistakes by bracket. Personalized analysis on WhatsApp or Discord in 30 seconds.
Civ guide
Romans
Perfil
Jugador #221997